 Dungeon Crawl Stone Soup version 0.23-a0-767-gdc19b93d68 (webtiles) character file.

105 Hercules1031 the Ducker (level 4, -2/24 HPs)
             Began as a Spriggan Monk on Jan 27, 2019.
             Slain by Natasha (7 damage)
             ... on level 2 of the Dungeon.
             The game lasted 00:03:51 (2155 turns).

Hercules1031 the Ducker (Spriggan Monk)             Turns: 2155, Time: 00:03:52

Health: -2/24      AC:  2    Str:  4 (7)  XL:     4   Next: 54%
Magic:  5/5        EV: 20    Int: 10 (11) God:
Gold:   59         SH:  0    Dex: 17 (19) Spells: 3/3 levels left

rFire    . . .     SeeInvis +   d - +1 dagger (holy)
rCold    . . .     Gourm    .   (shield restricted)
rNeg     . . .     Faith    .   b - +0 robe
rPois    .         Spirit   .   (helmet restricted)
rElec    .         Reflect  .   (no cloak)
rCorr    +         Harm     .   (gloves unavailable)
MR       .....                  (boots unavailable)
Stlth    +++.......             (no amulet)
HPRegen  0.08/turn              e - ring of resist corrosion
MPRegen  0.09/turn              (no ring)

@: very quick
A: very small, unfitting armour, see invisible, herbivore, speed 3, slow
metabolism 2
a: no special abilities


You were on level 2 of the Dungeon.
You were not hungry.

You visited 1 branch of the dungeon, and saw 2 of its levels.

You collected 59 gold pieces.

Inventory:

Hand Weapons
 a - a +0 short sword
 d - a +1 dagger of holy wrath (weapon)
Armour
 b - a +0 robe (worn)
Jewellery
 e - a ring of resist corrosion (left hand)
Comestibles
 c - 5 rations


   Skills:
 + Level 3.3 Fighting
 + Level 3.9 Short Blades
 + Level 5.2 Dodging
 * Level 4.4 Stealth


You had 3 spell levels left.
You didn't know any spells.
Your spell library was empty.

Dungeon Overview and Level Annotations

Branches:
Dungeon (2/15)

Altars:

Annotations:
D:2 Natasha


Innate Abilities, Weirdness & Mutations

You are very small and have problems with some larger weapons.
You are too small for most types of armour.
You have supernaturally acute eyesight. (SInv)
You are a herbivore.
You cover ground extremely quickly.
You need to consume almost no food.


Message History

Natasha is moderately wounded.
Natasha claws you.
You hit Natasha.
Natasha is moderately wounded.
You closely miss Natasha.
Natasha is moderately wounded.
Natasha stares at you and mumbles some strange words.
The magic dart hits you!
You hit Natasha.
Natasha is heavily wounded.
Natasha growls.
Natasha claws you!
* * * LOW HITPOINT WARNING * * *
You aren't carrying any potions.
As you read the scroll labeled XOUNYT WAYQ, it crumbles to dust.
The scroll dissolves into smoke.
It was a scroll of fog.
Natasha mumbles some strange words.
You feel disoriented. Natasha claws you!
You die...

##.####..##.#
#. #..##.# #
#..##.#
#..##.#
#..##.#
...##.#
#...##§#
#...##§#######
#....§@§......
##.###h######.
.§§ ##..# #..#
.... #..# #..#


You could see Natasha.

Vanquished Creatures
  Natasha (D:2)
  4 adders (D:2)
  An ooze (D:1)
  3 dart slugs (D:1)
  4 giant cockroaches (D:1)
  3 goblins (D:1)
  4 hobgoblins (D:1)
  2 jackals (D:1)
  5 kobolds (D:1)
  2 bats (D:1)
  5 frilled lizards (D:1)
  4 rats (D:1)
38 creatures vanquished.

Notes
Turn   | Place    | Note
-------+----------+-------------------------------------------
     0 | D:1      | Hercules1031 the Spriggan Monk began the quest for the Orb.
     0 | D:1      | Reached XP level 1. HP: 11/11 MP: 2/2
   110 | D:1      | Reached XP level 2. HP: 7/16 MP: 3/3
   985 | D:1      | Reached XP level 3. HP: 17/19 MP: 4/4
  1544 | D:2      | Noticed Natasha
  1548 | D:2      | Killed Natasha
  1548 | D:2      | Reached skill level 5 in Dodging
  1548 | D:2      | Reached XP level 4. HP: 24/24 MP: 5/5
  2143 | D:2      | Noticed Natasha
  2155 | D:2      | Slain by Natasha

Vault maps used:
D:1:      lightli_arrival_maybe_door_vault
D:2:      uniq_natasha

Skill      XL: |  1  2  3 |
---------------+----------+-----
Fighting       | 3 |  3.3
Dodging        | 5 |  5.2
Stealth        | 4 |  4.4
Short Blades   | |  3.9

Action                   |  1- 3 |  4- 6 || total
-------------------------+-------+-------++-------
Melee: Short sword       |    75 |       ||    75
       Dagger            |    49 |    15 ||    64
  Use: Potion            |     3 |     1 ||     4
       Scroll            |       |     1 ||     1
 Stab: Sleeping          |    13 |     2 ||    15
Armor: Robe              |    12 |     1 ||    13
Dodge: Dodged            |    80 |     7 ||    87

Table legend:
 A = Non-vault XP
 B = Vault XP
 C = Vault XP percentage of total XP
 D = Non-vault monster count
 E = Vault monster count
 F = Vault count percentage of total count
                 A         B        C        D         E       F
            +---------+---------+-------+---------+---------+-------
      Total |     116 |      35 |  23.2 |      37 |       1 |   2.6
            +---------+---------+-------+---------+---------+-------
        D:1 |      64 |       0 |   0.0 |      33 |       0 |   0.0
        D:2 |      52 |      35 |  40.2 |       4 |       1 |  20.0
            +---------+---------+-------+---------+---------+-------
